 Dungeon Crawl Stone Soup version 0.28-a0-1190-g77e1c55843 (webtiles) character file.

Game seed: 12996561192719125689

2 fauxio the Skirmisher (level 1, -1/18 HPs)
             Began as a Demonspawn Abyssal Knight on Dec 19, 2021.
             Was an Initiate of Lugonu.
             Succumbed to a goblin's poison
             ... on level 1 of the Dungeon.
             The game lasted 00:01:27 (85 turns).

fauxio the Skirmisher (Demonspawn Abyssal Knight)     Turns: 85, Time: 00:01:28

Health: -1/18      AC:  3    Str: 13    XL:     1   Next: 25%
Magic:  2/2        EV: 11    Int: 11    God:    Lugonu [......]
Gold:   0          SH:  0    Dex: 13    Spells: 0/0 levels left

rFire   . . .      SeeInvis .   a - +1 mace
rCold   . . .      Faith    .   (no shield)
rNeg    . . .      Spirit   .   b - +0 leather armour
rPois   .          Reflect  .   (no helmet)
rElec   .          Harm     .   (no cloak)
rCorr   .          Rampage  .   (no gloves)
Will    .....                   (no boots)
Stlth   +.........              (no amulet)
HPRegen 0.06/turn               (no ring)
MPRegen 0.08/turn               (no ring)

@: lethally poisoned (-1 -> -12)
A: no striking features
a: Renounce Religion


You were on level 1 of the Dungeon.
You worshipped Lugonu.
Lugonu was noncommittal.
You visited 1 branch of the dungeon, and saw 1 of its levels.
You visited the Abyss 1 time.

Inventory:

Hand Weapons
 a - a +1 mace (weapon)
Armour
 b - a +0 leather armour (worn)


   Skills:
 + Level 3.1 Fighting
 + Level 1.8 Maces & Flails
 + Level 1.7 Armour
 + Level 0.8 Dodging
 + Level 2.4 Invocations


You couldn't memorise any spells.
You didn't know any spells.
Your spell library was empty.

Dungeon Overview and Level Annotations

Branches:
Dungeon (1/15)

Altars:


Message History

You pass through the gate.
You can no longer depart the Abyss at will.
Found an escape hatch in the floor.
There is a staircase leading out of the dungeon here.
Found a stone staircase leading down.
Magic restored.
A kobold comes into view. It is wielding a +0 club.
You closely miss the kobold. The kobold barely misses you.
The kobold hits you with a +0 club.
You barely miss the kobold. The kobold barely misses you.
You hit the kobold.
You kill the kobold!
Lugonu accepts your kill.
Things that are here:
a +0 club; a kobold corpse A goblin comes into view.
It is wielding a +2 dagger of venom.
The goblin shouts!
You hit the goblin.
The goblin is severely wounded.
The goblin hits you but does no damage.
You are poisoned.
You completely miss the goblin.
The goblin is severely wounded.
You feel very sick.
The goblin hits you with a +2 dagger of venom.
You are lethally poisoned!
You closely miss the goblin.
The goblin is severely wounded.
You feel very sick.
The goblin hits you with a +2 dagger of venom.
* * * LOW HITPOINT WARNING * * *
The goblin closely misses you.
You hit the goblin.
You kill the goblin!
Lugonu accepts your kill.
* * * LOW HITPOINT WARNING * * *
You feel very sick.
This is a scroll of acquirement!
Something appears at your feet!
You die...

###.### #.....# #.....#
#.....# #.....#
###.########...
#.)..........
#############.########...
#...........)@#
##.############ #.# #.#
#.# #.# #.# #.# #.#


There were no monsters in sight!

Vanquished Creatures
  A goblin (D:1)
  A kobold (D:1)
2 creatures vanquished.

Notes
Turn   | Place    | Note
-------+----------+-------------------------------------------
     0 | Abyss:1  | fauxio the Demonspawn Abyssal Knight began the quest for
                  | the Orb.
     0 | Abyss:1  | Reached XP level 1. HP: 18/18 MP: 2/2
    11 | D:1      | Escaped the Abyss
    85 | D:1      | Identified a scroll of acquirement
    85 | D:1      | Acquired a +1 eveningstar of venom
    85 | D:1      | Succumbed to a goblin's poison

Illustrated notes

Levels and vault maps discovered:
D:1:      dpeg_arrival_tiny_a, layout_basic,
          dreamdust_ecumenical_altar_angels_and_demons

Action                   || total
-------------------------++-------
Melee: Mace              ||     7
Invok: Depart the Abyss  ||     1
  Use: Scroll            ||     1
Armor: Leather armour    ||     1
Dodge: Dodged            ||     3

Table legend: (Time is in decaauts)
 A = Elapsed time spent in this place.
 B = Non-inter-level travel time spent in this place.
 C = Inter-level travel time spent in this place.
 D = Time resting spent in this place.
 E = Time spent auto-exploring this place.
 F = Levels seen in this place.
 G = Mean time per level.
                   A        B        C        D        E       F      G
               +--------+--------+--------+--------+--------+-----+--------+
         Total |     86 |     57 |     29 |      0 |      0 |   3 |   28.7 |
       Dungeon |     75 |     46 |     29 |      0 |      0 |   1 |   75.0 |
         Abyss |     10 |     10 |      0 |      0 |      0 |   2 |    5.0 |
               +--------+--------+--------+--------+--------+-----+--------+

Top non-repeatable levels by time:
     D:1: 75 daAuts
 Abyss:1: 10 daAuts
 Abyss:2: 0 daAuts
